Map: Jagannatha LE

Players

BlyOnFire (Bly)

  • Race: Zerg Zerg
  • League: Grandmaster
  • Spawn Location: 7:00

LiquidMaNa (MaNa) - Winner!

  • Race: Protoss Protoss
  • League: Grandmaster
  • Spawn Location: 1:00

Event: StayAtHome Story Cup #3

VOD

https://youtu.be/4oEvGICId-0

Description

Time

  • Played on: March 11, 2021, 7:50 a.m.
  • Length: 17:03

All games in this series

Show
View Real Time Build Order
Export as new Build Order

BlyOnFire Zerg 

Build Orders: Pool First 

Get SALT Encoding   

  12  0:17  Spawning Pool  
  11  0:21  Drone  
  11  0:27  Drone  
  13  0:31  Drone  
  14  0:51  Overlord  
  14  1:10  Zergling x6  
  17  1:21  Zergling x2  
  18  1:37  Zergling x2  
  18  1:39  Hatchery  
  18  1:44  Zergling x2  
  19  1:53  Drone  
  20  2:07  Queen  
  21  2:18  Drone  
  21  2:19  Overlord  
  21  2:25  Extractor  
  20  2:33  Hatchery  
  19  2:42  Drone x2  
  21  2:46  Evolution Chamber  
  21  2:48  Drone  
  20  2:54  Queen  
  22  3:17  Zergling x4  
  24  3:20  Zergling x4  
  24  3:22  Drone x2  
  26  3:35  Queen  
  26  3:36  Drone  
  26  3:37  Metabolic Boost  
  29  3:46  Drone x2  
  31  3:54  Drone  
  32  3:59  Drone, Queen  
  35  4:05  Extractor  
  35  4:07  Zergling x4  
  36  4:15  Overlord  
  34  4:39  Zergling x4  
  35  4:50  Drone x9, Queen  
  44  4:56  Queen  
  40  5:10  Drone x3  
  43  5:25  Overlord  
  43  5:33  Hatchery  
  41  5:44  Drone x3  
  44  5:53  Spore Crawler  
  44  5:54  Drone, Spore Crawler  
  44  5:55  Drone  
  44  6:08  Overlord  
  44  6:11  Overlord  
  44  6:15  Overlord  
  44  6:29  Drone x12  
  55  6:33  Drone  
  55  6:37  Drone  
  55  6:39  Lair  
  57  6:47  Drone x3  
  60  6:57  Drone  
  60  6:58  Drone x6  
  67  7:01  Drone  
  67  7:04  Spore Crawler  
  66  7:08  Overlord  
  66  7:12  Extractor  
  66  7:13  Roach Warren  
  66  7:14  Extractor  
  66  7:15  Drone x2  
  65  7:19  Extractor  
  65  7:20  Extractor, Drone x6  
  69  7:26  Drone x5  
  69  7:29  Drone  
  75  7:35  Queen, Overlord  
  77  7:41  Infestation Pit  
  77  7:44  Zergling x8  
  73  8:00  Roach x7  
  81  8:16  Drone  
  81  8:17  Drone x8  
  88  8:37  Drone x2  
  88  8:38  Overlord x2  
  88  8:39  Overlord  
  90  8:44  Extractor  
  89  8:55  Overlord  
  89  8:56  Hatchery  
  89  8:57  Glial Reconstitution  
  89  8:58  Infestor  
  89  8:59  Infestor  
  89  9:00  Infestor  
  89  9:02  Infestor  
  94  9:06  Drone x2  
  94  9:07  Drone  
  99  9:16  Drone x3  
  102  9:20  Ravager x5  
  102  9:21  Overlord  
  102  9:23  Drone x7  
  114  9:37  Overlord  
  114  9:38  Drone x3, Hatchery  
  116  9:40  Baneling Nest  
  116  9:42  Evolution Chamber  
  114  9:48  Overseer  
  114  10:14  Roach x5  
  114  10:15  Overlord  
  114  10:17  Overlord  
  114  10:19  Overlord x2  
  114  10:20  Roach x2  
  114  10:21  Roach x2  
  132  10:24  Hatchery, Overlord  
  123  10:43  Centrifical Hooks, Zerg Melee Weapons Level 1  
  123  10:52  Hatchery x2  
  121  11:01  Queen  
  122  11:07  Roach x21  
  122  11:11  Tunneling Claws  
  164  11:12  Burrow  
  164  11:30  Zergling x16  
  158  11:32  Hatchery  
  159  11:40  Ravager x8  
  130  12:04  Drone  
  118  12:15  Drone  
  115  12:23  Drone x6  
  115  12:26  Queen x2  
  125  12:31  Hatchery  
  123  12:41  Drone x4  
  123  12:43  Infestor x5  
  136  12:49  Infestor x3  
  142  13:07  Zerg Melee Weapons Level 2  
  142  13:09  Zergling x26  
  155  13:15  Drone x3, Spore Crawler  
  155  13:17  Extractor  
  155  13:18  Extractor  
  155  13:19  Hatchery  
  154  13:22  Ravager x3  
  157  13:38  Drone  
  157  13:39  Drone x5  
  157  13:40  Drone x7  
  170  13:44  Roach x6  
  153  14:05  Roach x14  
  173  14:18  Queen x2  
  173  14:19  Baneling x22  
  174  14:24  Roach x2  
  174  14:41  Extractor  
  173  14:52  Spire, Roach x2  
  172  14:53  Overlord x2, Roach  
  172  14:54  Drone x4  
  172  14:55  Roach x3  
  172  14:56  Drone x5  
  172  14:58  Spine Crawler  
  180  15:01  Spine Crawler  
  179  15:09  Zergling x8  
  167  15:23  Overlord  
  167  15:24  Zergling x2  
  167  15:25  Zergling x30  
  183  15:39  Roach x2  
  181  15:43  Baneling x10  
  181  15:48  Hive  
  181  15:55  Roach  
  180  16:10  Corruptor x9  
  180  16:11  Corruptor  
  194  16:13  Baneling x7  
  194  16:19  Overseer  
  180  16:45  Zergling x44  
Show
View Real Time Build Order
Export as new Build Order

LiquidMaNa Protoss - Winner!

Build Orders:  

Get SALT Encoding   

  12  0:00  Probe  
  13  0:12  Probe  
  14  0:20  Pylon  
  14  0:24  Probe  
  15  0:38  Probe (Chrono Boost)  
  15  0:42  Gateway  
  16  0:47  Probe (Chrono Boost)  
  17  0:51  Assimilator  
  17  0:52  Probe  
  18  1:04  Probe  
  18  1:06  Pylon  
  19  1:16  Probe  
  20  1:25  Pylon  
  20  1:28  Zealot (Chrono Boost)  
  20  1:29  Cybernetics Core  
  20  1:32  Probe  
  22  1:42  Pylon  
  22  1:44  Probe  
  23  1:47  Zealot (Chrono Boost)  
  25  1:56  Probe  
  25  1:58  Assimilator  
  26  2:11  Probe, Adept (Chrono Boost)  
  29  2:21  Warp Gate  
  29  2:23  Probe  
  29  2:24  Pylon  
  30  2:35  Probe  
  31  2:53  Adept (Chrono Boost)  
  32  3:12  Nexus  
  32  3:15  Probe  
  33  3:27  Probe  
  32  3:39  Probe  
  33  3:45  Stargate  
  33  3:51  Probe  
  36  4:02  Gateway  
  36  4:03  Probe  
  35  4:11  Twilight Council  
  35  4:15  Probe, Adept  
  38  4:26  Probe  
  38  4:27  Probe  
  40  4:31  Void Ray (Chrono Boost)  
  40  4:34  Pylon  
  39  4:38  Probe  
  39  4:45  Adept  
  45  4:47  Probe  
  46  5:00  Probe  
  46  5:03  Probe (Chrono Boost)  
  44  5:07  Resonating Glaives  
  44  5:09  Adept  
  44  5:10  Adept  
  49  5:18  Probe x2 (Chrono Boost), Oracle  
  53  5:26  Probe (Chrono Boost)  
  53  5:27  Pylon  
  54  5:38  Nexus  
  54  5:40  Pylon  
  54  5:45  Probe x2 (Chrono Boost)  
  56  5:54  Probe x2 (Chrono Boost)  
  56  5:57  Stargate  
  58  5:59  Probe x2 (Chrono Boost)  
  58  6:03  Assimilator  
  60  6:05  Assimilator  
  60  6:09  Void Ray  
  60  6:11  Probe x2, Shield Battery  
  66  6:23  Probe  
  67  6:31  Adept  
  69  6:35  Pylon  
  69  6:36  Probe  
  70  6:44  Void Ray  
  70  6:49  Robotics Facility  
  70  6:50  Probe x2  
  70  6:53  Probe, Protoss Air Weapons Level 1  
  77  6:54  Void Ray  
  81  7:02  Probe  
  81  7:03  Probe  
  81  7:05  Probe  
  84  7:10  Adept x2  
  84  7:15  Probe x2  
  90  7:18  Probe  
  91  7:27  Probe x2  
  93  7:35  Pylon  
  93  7:37  Pylon  
  93  7:38  Pylon  
  93  7:45  Assimilator  
  93  7:46  Pylon, Assimilator  
  93  7:47  Void Ray  
  97  8:00  Probe x2, Void Ray  
  99  8:10  Probe  
  99  8:12  Probe  
  105  8:14  Probe  
  106  8:22  Probe  
  106  8:24  Probe, Void Ray  
  108  8:33  Immortal  
  112  8:35  Robotics Bay  
  112  8:37  Void Ray  
  112  8:41  Adept x2  
  120  8:49  Pylon  
  120  8:51  Pylon  
  120  8:52  Pylon  
  120  8:54  Robotics Facility  
  120  8:55  Pylon x2  
  120  8:58  Shield Battery x3  
  120  9:00  Shield Battery  
  120  9:01  Void Ray  
  124  9:13  Observer  
  124  9:16  Forge  
  125  9:18  Probe x2  
  125  9:20  Nexus  
  127  9:30  Void Ray  
  127  9:32  Disruptor (Chrono Boost)  
  127  9:34  Zealot x2  
  138  9:39  Warp Prism (Chrono Boost)  
  138  9:42  Pylon  
  140  9:45  Gateway  
  140  9:48  Probe x3, Gateway x2  
  140  9:50  Charge  
  140  9:52  Gateway  
  143  9:54  Protoss Ground Weapons Level 1 (Chrono Boost)  
  140  10:17  Disruptor  
  140  10:18  Disruptor  
  138  10:30  Void Ray  
  128  10:39  Zealot, Stalker  
  134  10:48  Assimilator  
  134  10:52  Assimilator  
  134  10:53  Colossus, Disruptor  
  143  11:03  Zealot x6  
  155  11:09  Probe  
  156  11:12  Photon Cannon  
  156  11:14  Photon Cannon, Shield Battery  
  156  11:24  Zealot x6  
  168  11:40  Immortal  
  168  11:44  Zealot x6  
  184  11:47  Immortal (Chrono Boost)  
  162  11:59  Void Ray x2  
  149  12:05  Stalker x4  
  149  12:06  Zealot x2  
  127  12:16  Probe x2  
  127  12:17  Probe x2, Disruptor (Chrono Boost)  
  128  12:23  Disruptor (Chrono Boost), Fleet Beacon  
  128  12:28  Probe  
  132  12:38  Zealot x3  
  136  12:52  Photon Cannon  
  136  12:53  Photon Cannon  
  136  12:54  Void Ray  
  136  12:55  Photon Cannon  
  136  12:56  Photon Cannon x2  
  136  12:57  Photon Cannon  
  136  13:08  Templar Archives, Gravitic Drive  
  136  13:10  Flux Vanes  
  136  13:13  Pylon  
  136  13:18  Sentry x4  
  144  13:21  Probe x2  
  144  13:24  Probe  
  147  13:34  Probe x2  
  149  13:44  Zealot x6  
  149  13:46  Probe  
  147  14:06  Psionic Storm  
  144  14:10  High Templar  
  144  14:11  High Templar x5  
  144  14:13  Probe  
  144  14:14  Probe  
  149  14:20  Carrier (Chrono Boost)  
  149  14:25  Carrier (Chrono Boost)  
  149  14:28  Nexus  
  149  14:30  Probe  
  154  14:36  Observer x2  
  156  14:41  Stargate  
  156  14:42  Pylon, Protoss Air Weapons Level 2 (Chrono Boost)  
  156  14:45  Gateway  
  156  14:51  High Templar x6  
  168  14:55  Archon x3  
  168  14:57  Pylon  
  168  14:58  Gravitic Boosters (Chrono Boost)  
  168  15:12  Carrier x2 (Chrono Boost)  
  179  15:25  Stalker x2  
  183  15:35  Probe x2  
  185  15:45  Stalker x5  
  189  16:00  Stalker x2  
  193  16:11  Zealot x2  
  193  16:12  Zealot  
  170  17:00  Zealot  
  170  17:01  Zealot x6  
Tags
 
Add a new tag
Caveats
  • Supply blocks, unpowered buildings, or Contaminate may cause inaccurate times.
  • Supply counts are checked every 10 seconds.